 Dungeon Crawl Stone Soup version 0.25-a0-420-g1cc7eeb0d1 (webtiles) character file.

Game seed: 10646676939373666175, levelgen mode: deterministic

57831 Flubbersnuff the Severer (level 14, -7/90 HPs)
             Began as a Minotaur Berserker on Jan 18, 2020.
             Was a High Priest of Trog.
             Killed from afar by a hellephant (38 damage)
             ... with a blast of flame
             ... on level 3 of the Abyss.
             The game lasted 01:13:45 (12653 turns).

Flubbersnuff the Severer (Minotaur Berserker)      Turns: 12653, Time: 01:13:45

Health: -7/90      AC: 19    Str: 30      XL:     14   Next: 47%
Magic:  0/13       EV: 20    Int:  1 (3)  God:    Trog [*****.]
Gold:   1170       SH:  3    Dex:  9      Spells: 13/13 levels left

rFire    . . .     SeeInvis .   y - +7 battleaxe (flame)
rCold    . . .     Gourm    .   (shield currently unavailable)
rNeg     + . .     Faith    .   v - +4 chain mail "Qiw Wenn" {rN+ Regen+ Int+3 Dex+3}
rPois    .         Spirit   +   (helmet restricted)
rElec    +         Reflect  +   w - scarf {Spirit}
rCorr    .         Harm     .   a - +0 pair of gloves
MR       +....     Rnd*Rage +   (no boots)
Stlth    ..........             u - +3 amulet of reflection
HPRegen  0.00/turn              C - ring of the Death Scarab {rElec Str+3}
MPRegen  0.13/turn              l - +6 ring of evasion

@: berserk cooldown, non-regenerating, diseased, slowed, studying 2 skills, very
slow
A: retaliatory headbutt, horns 2, [berserk 3], [blurry vision 2], [clumsy 2],
[deterioration 2], [dopey 2], [frail 3], [screaming 2]
a: Berserk, Trog's Hand, Brothers in Arms, Renounce Religion


You were on level 3 of the Abyss.
You worshipped Trog.
Trog was extremely pleased with you.
You were not hungry.

You visited 2 branches of the dungeon, and saw 16 of its levels.
You visited the Abyss 1 time.
You also visited: Ossuary and Bailey.

You collected 1170 gold pieces.

Inventory:

Hand Weapons
 p - a +2 antimagic broad axe
 t - a +1 war axe of freezing
 y - a +7 battleaxe of flaming (weapon)
Armour
 a - a +0 pair of gloves (worn)
 v - the +4 chain mail "Qiw Wenn" (worn) {rN+ Regen+ Int+3 Dex+3}
   (You took it off an orc warrior on level 6 of the Dungeon)

   It affects your intelligence (+3).
   It affects your dexterity (+3).
   It protects you from negative energy.
   It increases your rate of regeneration.
 w - a scarf of spirit shield (worn)
Jewellery
 d - an uncursed ring of protection from fire
 l - a +6 ring of evasion (right hand)
 o - an uncursed ring of ice
 u - a +3 amulet of reflection (around neck)
 C - the ring of the Death Scarab (left hand) {rElec Str+3}
   (You found it on level 9 of the Dungeon)

   [ring of strength]

   It affects your strength (+3).
   It insulates you from electricity.
Wands
 r - a wand of iceblast (8)
 B - a wand of flame (34)
 K - a wand of enslavement (6)
Scrolls
 e - a scroll of fear
 f - 7 scrolls of remove curse
 g - 5 scrolls of teleportation
 i - 3 scrolls of fog
 j - 5 scrolls of magic mapping {unknown}
 n - 2 scrolls of blinking
 D - 2 scrolls of identify
 H - a scroll of acquirement {unknown}
 I - a scroll of enchant weapon {unknown}
Potions
 b - a potion of brilliance {unknown}
 h - 2 potions of invisibility {unknown}
 k - 3 potions of lignification
 m - 3 potions of heal wounds
 q - a potion of cancellation {unknown}
 s - 13 potions of curing
 z - a potion of agility {unknown}
 A - 2 potions of resistance {unknown}
 E - a potion of haste {unknown}
 J - 3 potions of flight {unknown}
 L - a potion of might {unknown}
Books
 F - a manual of Shields
 G - a manual of Armour
Comestibles
 c - 31 rations


   Skills:
 + Level 13.4 Fighting
 * Level 17.8 Axes
 + Level 15.2 Armour
 + Level 12.2 Dodging
 + Level 12.0 Shields


You had 13 spell levels left.
You didn't know any spells.
Your spell library was empty.

Dungeon Overview and Level Annotations

Branches:
Dungeon (15/15)            Temple (1/1) D:5            Lair (0/6) D:8
    Orc (0/2) D:9          Vaults (0/5) D:14        Ossuary (visited)
 Bailey (visited)
 Depths: D:15

Altars:
Ashenzari
Cheibriados
Dithmenos
Elyvilon
Fedhas
Gozag
Hepliaklqana
Kikubaaqudgha
Makhleb
Nemelex Xobeh
Okawaru
Qazlal
Ru
Sif Muna
Trog
Uskayaw
Vehumet
Wu Jian
Xom
Yredelemnul
Zin
The Shining One
Beogh

Shops:
D:10 [   D:14 (

Annotations:
D:3 Blork the orc
D:9 3 runed translucent doors, jperry's ghost, novice DrCj
D:15 Louise


Innate Abilities, Weirdness & Mutations

You reflexively headbutt those who attack you in melee.
You have a pair of horns on your head.
[You have an uncontrollable temper.]
[Scrolls take you longer to read.]
[You are very clumsy. (Dex -4)]
[Your body often deteriorates upon taking damage.]
[You are very dopey. (Int -4)]
[You are extremely frail. (-30% HP)]
[You sometimes yell uncontrollably at your foes.]


Message History

The ancient zyme is moderately damaged.
You hit the raiju. You burn the raiju. The raiju closely misses you.
The ancient zyme hits you but does no damage.
You block the ancient zyme's attack.
You feel ill.
The deep elf mage casts a spell.
You slice the ancient zyme!! You burn the ancient zyme.
You headbutt the ancient zyme!
You destroy the ancient zyme!
Trog accepts your kill.
You barely miss the raiju.
The deep elf mage disappears in a puff of smoke!
The worldbinder calls forth creatures from the Elven Halls!
The raiju bites you. The raiju shocks you. You resist.
A tentacle flies out from the starspawn's body!
A starspawn tentacle comes into view.
A starspawn tentacle comes into view.
The deep elf mage gestures wildly while chanting.
The hellephant breathes flames at you. The blast of flame hits you!!!
You die...

######## ##
####.. ... ##
.# ......###.#
.# #
##..§xX.... #
. #.....#
.##.#.# ..#.w
######..#
#wX####ees# #
#..@hrx3#.. #
##.######...##
##Y# ####
##... #
##..... # ###
.......# . .
...... ..# .
'..##.....+ ##
#... .. .#


You could see a hellephant, a tentacled starspawn, a soul eater, a deep elf
archer, a deep elf mage, a worldbinder, a raiju, a redback, 2 starspawn
tentacles and a hell rat.

Vanquished Creatures
  A profane servitor (Abyss:2)
  A tentacled starspawn (Abyss:3)
  Frances (D:13)
  2 entropy weavers (Abyss:3)
  A starcursed mass (Abyss:2)
  A red draconian (Abyss:3)
  A rakshasa (D:13)
  Erolcha (D:13)
  An ogre mage (D:14)
  3 centaur warriors
  3 two-headed ogres
  3 thrashing horrors
  Urug (D:11)
  5 skeletal warriors
  Sonja (D:11)
  A spatial maelstrom (Abyss:3)
  2 unseen horrors
  An orc knight (D:11)
  Pikel (D:6)
  A harpy (shapeshifter) (D:14)
  3 ugly things
  3 manticores
  An oklob plant (D:12)
  2 worldbinders
  4 apocalypse crabs (Abyss:3)
  Maurice (D:11)
  2 gargoyles
  A green draconian zombie (Abyss:2)
  The ghost of semitonal the Vexing, a novice SpEn (D:6)
  2 kobold demonologists (D:14)
  An efreet (D:12)
  4 yaktaurs (D:14)
  2 ancient zymes (Abyss:3)
  A hellwing (Abyss:2)
  2 hornets (D:8)
  6 trolls
  6 raiju (Abyss:3)
  Prince Ribbit (D:8)
  A hippogriff (D:9)
  14 slime creatures
  A meliai zombie (D:13)
  2 small abominations (Abyss:3)
  A large abomination (Abyss:3)
  A vampire (D:10)
  3 flying skulls (Abyss:3)
  A tarantella (shapeshifter) (D:14)
  21 yaks
  A basilisk (D:14)
  5 hungry ghosts
  3 wyverns
  A chaos spawn (Abyss:3)
  A steam dragon (D:13)
  A neqoxec (Abyss:2)
  2 soldier ants
  A warg (D:9)
  Duvessa (D:6)
  29 orc warriors
  3 ice beasts
  3 slaves (D:6)
  A sky beast (D:11)
  A black bear (D:9)
  9 ogres
  2 necrophages
  3 phantoms
  A swamp dragon zombie (Abyss:3)
  11 centaurs
  3 crocodiles (D:13)
  7 big kobolds
  2 elf zombies (Ossuary)
  5 bullfrogs
  A wyvern zombie (D:13)
  A wyvern skeleton (D:14)
  7 scorpions
  Dowan (D:6)
  A snapping turtle simulacrum (Abyss:3)
  11 killer bees
  8 howler monkeys
  16 wights
  6 crimson imps
  7 centaur zombies
  A quasit (D:12)
  3 hounds
  4 bullfrog skeletons
  2 bullfrog zombies
  2 jellies
  A human zombie (Ossuary)
  13 orc priests
  10 orc wizards
  5 centaur skeletons
  2 iron imps (Abyss:3)
  Jessica (D:3)
  4 iguanas
  14 worker ants
  A big kobold zombie (Ossuary)
  A hound skeleton (D:11)
  A mummy (Ossuary)
  A worker ant zombie (D:6)
  6 adders
  2 shadow imps
  A white imp (Abyss:3)
  An adder skeleton (D:5)
  A worm (D:4)
  2 dart slugs (D:1)
  3 leopard geckos
  107 orcs
  5 ball pythons
  3 bats
  10 giant cockroaches
  6 goblins
  6 jackals
  23 kobolds
  4 quokkas
  2 frilled lizards
  2 goblin zombies (Ossuary)
  11 hobgoblin zombies (Ossuary)
  2 jackal zombies (Ossuary)
  5 kobold zombies (Ossuary)
  7 orc zombies (Ossuary)
  7 rats
  2 rat zombies (Ossuary)
  A fungus (D:8)
  3 plants (D:12)
563 creatures vanquished.

Vanquished Creatures (others)
  An ufetubus (Abyss:3)
  6 starspawn tentacles (Abyss:3)
7 creatures vanquished.

Grand Total: 570 creatures vanquished

Notes
Turn   | Place    | Note
-------+----------+-------------------------------------------
     0 | D:1      | Flubbersnuff the Minotaur Berserker began the quest for the
                  | Orb.
     0 | D:1      | Reached XP level 1. HP: 19/19 MP: 0/0
   217 | D:1      | Reached XP level 2. HP: 25/27 MP: 1/1
   239 | D:1      | Reached skill level 4 in Axes
   755 | D:2      | Noticed a crimson imp
   761 | D:2      | Killed a crimson imp
   761 | D:2      | Reached XP level 3. HP: 31/33 MP: 2/2
   771 | D:2      | Found a blossoming altar of Fedhas.
   778 | D:2      | Found a hide-covered altar of Uskayaw.
   783 | D:2      | Found a radiant altar of Vehumet.
   797 | D:2      | Found a white marble altar of Elyvilon.
   804 | D:2      | Found a glowing golden altar of the Shining One.
   809 | D:2      | Found a basalt altar of Yredelemnul.
   816 | D:2      | Found a snail-covered altar of Cheibriados.
  1030 | D:2      | Found a shadowy altar of Dithmenos.
  1144 | D:2      | Reached ** piety under Trog
  1144 | D:2      | Reached XP level 4. HP: 35/40 MP: 3/3
  1654 | D:3      | Reached skill level 5 in Axes
  1660 | D:3      | Noticed Jessica
  1662 | D:3      | Reached XP level 5. HP: 28/47 MP: 4/4
  1676 | D:3      | Killed Jessica
  1888 | D:3      | Noticed Blork the orc
  1905 | D:3      | Found a shimmering blue altar of Sif Muna.
  2444 | D:3      | Found an ancient bone altar of Kikubaaqudgha.
  2500 | D:3      | Noticed an ogre
  2509 | D:3      | Killed an ogre
  2509 | D:3      | Reached skill level 6 in Axes
  2509 | D:3      | Reached XP level 6. HP: 19/55 MP: 5/5
  2761 | D:3      | Reached skill level 5 in Fighting
  3219 | D:4      | Reached *** piety under Trog
  3403 | D:4      | Reached XP level 7. HP: 61/61 MP: 6/6
  3600 | D:4      | Reached skill level 7 in Axes
  3687 | D:5      | Entered Level 5 of the Dungeon
  3733 | D:5      | Found an opulent altar of Gozag.
  3777 | D:5      | Reached skill level 5 in Armour
  3866 | D:5      | Found a staircase to the Ecumenical Temple.
  3986 | D:5      | Found a sand-covered staircase.
  3995 | Ossuary  | Entered an ossuary
  4166 | Ossuary  | Reached **** piety under Trog
  4189 | Ossuary  | Reached skill level 8 in Axes
  4189 | Ossuary  | Reached skill level 5 in Dodging
  4189 | Ossuary  | Reached XP level 8. HP: 64/69 MP: 7/7
  4361 | Temple   | Entered the Ecumenical Temple
  4513 | D:6      | Found a runed translucent gate.
  4513 | D:6      | Found a runed translucent gate.
  4513 | D:6      | Noticed semitonal's ghost (novice SpEn)
  4514 | D:6      | Found a roughly hewn altar of Beogh.
  4514 | D:6      | Found a runed translucent gate.
  4514 | D:6      | Identified the +8 morningstar "Nobo" {vorpal, MR+}
  4514 | D:6      | Identified the +4 chain mail "Qiw Wenn" {rN+ Regen+ Int+3
                  | Dex+3}
  4799 | D:6      | Reached skill level 9 in Axes
  4801 | D:6      | Noticed Dowan
  4807 | D:6      | Killed Dowan
  4807 | D:6      | Noticed Duvessa
  4813 | D:6      | Killed Duvessa
  4818 | D:6      | Noticed Pikel
  4830 | D:6      | Killed Pikel
  4830 | D:6      | Reached XP level 9. HP: 63/78 MP: 8/8
  5022 | D:6      | Reached skill level 10 in Axes
  5028 | D:6      | Reached ***** piety under Trog
  5028 | D:6      | Received a gift from Trog
  5428 | D:6      | Killed semitonal's ghost
  5682 | D:7      | Found an iron altar of Okawaru.
  5995 | D:8      | Reached skill level 11 in Axes
  6176 | D:8      | Reached XP level 10. HP: 88/88 MP: 3/9
  6186 | D:8      | Noticed Prince Ribbit
  6197 | D:8      | Killed Prince Ribbit
  6314 | D:8      | Paralysed by a hornet for 1 turns
  6440 | D:8      | Found a staircase to the Lair.
  6620 | D:9      | Received a gift from Trog
  6647 | D:9      | Reached skill level 12 in Axes
  6715 | D:9      | Found a staircase to the Orcish Mines.
  6853 | D:9      | Found a runed translucent gate.
  6853 | D:9      | Found a runed translucent gate.
  6862 | D:9      | Noticed a harpy
  6870 | D:9      | Found a runed translucent gate.
  6877 | D:9      | Noticed jperry's ghost (novice DrCj)
  7097 | D:9      | Found a shimmering altar of Xom.
  7151 | D:9      | Got a smoking glass ring
  7375 | D:10     | Entered Level 10 of the Dungeon
  7386 | D:10     | Reached XP level 11. HP: 93/97 MP: 8/10
  7392 | D:10     | Reached skill level 13 in Axes
  7392 | D:10     | Reached skill level 10 in Fighting
  7628 | D:10     | Reached skill level 10 in Armour
  7629 | D:10     | Received a gift from Trog
  7646 | D:10     | Found a snail-covered altar of Cheibriados.
  7646 | D:10     | Found Cheibriados's Comfort Zone.
  7669 | D:10     | Found a flagged portal.
  7889 | Bailey   | Entered a bailey
  8116 | Bailey   | Reached skill level 14 in Axes
  8445 | D:11     | Reached skill level 1 in Shields
  8451 | D:11     | Received a gift from Trog
  8471 | D:11     | Noticed a two-headed ogre
  8471 | D:11     | Noticed a purple ugly thing
  8479 | D:11     | Killed a two-headed ogre
  8479 | D:11     | Noticed Sonja
  8485 | D:11     | Killed a purple ugly thing
  8497 | D:11     | Killed Sonja
  8536 | D:11     | Reached XP level 12. HP: 108/108 MP: 11/11
  8536 | D:11     | Noticed Maurice
  8555 | D:11     | Killed Maurice
  8555 | D:11     | Reached skill level 10 in Dodging
  8562 | D:11     | Noticed Urug
  8583 | D:11     | Killed Urug
  8650 | D:11     | Reached skill level 5 in Shields
  8651 | D:11     | Found a roughly hewn altar of Beogh.
  8708 | D:11     | Reached skill level 15 in Axes
  8898 | D:12     | Found a blossoming altar of Fedhas.
  8936 | D:12     | Identified the ring of the Death Scarab {rElec Str+3} (You
                  | found it on level 9 of the Dungeon)
  9214 | D:12     | Received a gift from Trog
  9835 | D:13     | Noticed a centaur warrior
  9839 | D:13     | Killed a centaur warrior
 10013 | D:13     | Reached XP level 13. HP: 109/116 MP: 10/12
 10024 | D:13     | Noticed Frances
 10033 | D:13     | Killed Frances
 10131 | D:13     | Reached skill level 16 in Axes
 10360 | D:13     | Noticed Erolcha
 10368 | D:13     | Killed Erolcha
 10440 | D:13     | Received a gift from Trog
 11184 | D:14     | Reached skill level 10 in Shields
 11398 | D:14     | Found Gupsallubre's Weapon Boutique.
 11498 | D:14     | Found a gate to the Vaults.
 11665 | D:15     | Entered Level 15 of the Dungeon
 11709 | D:15     | Noticed Louise
 11710 | D:15     | Received a gift from Trog
 11805 | D:15     | Cast into level 2 of the Abyss (Louise)
 11825 | Abyss:2  | Noticed an ironheart preserver
 11849 | Abyss:2  | Reached skill level 17 in Axes
 11855 | Abyss:2  | Noticed a starcursed mass
 11869 | Abyss:2  | Killed a starcursed mass
 11887 | Abyss:2  | Noticed a profane servitor
 11901 | Abyss:2  | Killed a profane servitor
 11901 | Abyss:2  | Reached XP level 14. HP: 127/127 MP: 10/13
 11947 | Abyss:3  | Noticed an entropy weaver
 11950 | Abyss:3  | Noticed an entropy weaver
 11959 | Abyss:3  | Killed an entropy weaver
 11960 | Abyss:3  | Killed an entropy weaver
 11964 | Abyss:3  | Paralysed by you for 4 turns
 12169 | Abyss:3  | Found a corrupted altar of Lugonu.
 12393 | Abyss:3  | Reached skill level 15 in Armour
 12427 | Abyss:3  | Noticed a tentacled starspawn
 12435 | Abyss:3  | Killed a tentacled starspawn
 12530 | Abyss:3  | Received a gift from Trog
 12594 | Abyss:3  | Noticed a tentacled starspawn
 12594 | Abyss:3  | Paralysed by you for 2 turns
 12603 | Abyss:3  | Noticed a tentacled monstrosity
 12610 | Abyss:3  | Noticed a hellephant
 12653 | Abyss:3  | Killed from afar by a hellephant

Levels and vault maps discovered:
D:1:      scummos_arrival_forest, layout_basic
D:2:      layout_basic, nicolae_dithmenos_through_a_glass_darkly,
          grunt_temple_overflow_octagram
D:3:      layout_loops_corners, lemuel_round_altar, tgw_sif, uniq_jessica
D:4:      cheibrodos_helix_gallery, layout_loops_ring, first_ration,
          serial_bayou_crossing
D:5:      layout_rooms, nicolae_gozag_seed_capital,
          minmay_temple_entry_overgrown, nicolae_ossuary_entry_monument
D:6:      layout_basic, biasface_ghost_orc_armoury, uniq_pikel, uniq_duvessa
D:7:      layout_rooms, okawaru_ov_weapons_minmay, hangedman_decor_growths
D:8:      layout_cave_pools, grunt_lair_entry_orc_guard_hut,
          hangedman_pestilent_swarm, uniq_prince_ribbit1
D:9:      layout_basic, nicolae_overflow_hidden_temple, david_orc_3,
          gammafunk_ghost_split
D:10:     layout_cave_pools, enter_bailey_6, minmay_shop_chei
D:11:     layout_roguey [special_room_orc], uniq_sonja, uniq_maurice, uniq_urug
D:12:     layout_loops_ring, minmay_misc_feat_rows, lemuel_oklob_altar
D:13:     layout_roguey, chequers_serial_rivers_large_b,
          kennysheep_generic_room_10, uniq_frances, uniq_erolcha
D:14:     layout_cave_pools, hangedman_vaults_entry_quadrant_bands,
          minivault_19, serial_shops, kennysheep_mini
D:15:     hangedman_depths_entry_civil_slaughter, layout_loops_corners,
          chequers_arboretum, corexii_leaking_fountain, uniq_louise
Temple:   cyrus_temple_forest
Abyss:3:  base: D:15, nicolae_abyss_rune_left_handed, evilmike_abyss_exit_2,
          evilmike_abyss_exit_12, evilmike_abyss_rune_siren_acolytes,
          hangedman_abyss_or_decor_slice,
          hangedman_grunt_abyss_rune_horror_hoard, evilmike_abyss_exit_glass,
          hangedman_grunt_abyss_rune_horror_hoard,
          evilmike_abyss_rune_tso_outpost, gammafunk_abyss_rune_reverse_zot

Skill      XL: |  1  2  3  4  5  6  7  8  9 10 11 12 13 14 |
---------------+-------------------------------------------+-----
Axes           | 4 5 6 8 9 11 12 14 15 17 | 17.8
Fighting       | 4 5 6 7 8 9 11 12 13 | 13.4
Armour         | 3 4 5 7 8 9 11 12 14 15 | 15.2
Dodging        | 3 4 5 6 7 8 9 10 11 12 | 12.2
Shields        | 3 8 11 12 | 12.0

Action                   |  1- 3 |  4- 6 |  7- 9 | 10-12 | 13-15 || total
-------------------------+-------+-------+-------+-------+-------++-------
Melee: Hand axe          |    46 |    89 |       |       |       ||   135
       Headbutt          |     7 |    12 |    51 |   100 |    75 ||   245
       War axe           |       |    43 |   203 |       |       ||   246
       Broad axe         |       |       |    86 |    71 |       ||   157
       Battleaxe         |       |       |       |   398 |   282 ||   680
Invok: Berserk           |     1 |     2 |     3 |     4 |     7 ||    17
  Use: Scroll            |       |     9 |     7 |     3 |       ||    19
       Potion            |       |       |       |       |     1 ||     1
  Eat: Chunk             |     2 |     9 |    12 |    17 |    11 ||    51
       Ration            |       |       |       |     1 |     2 ||     3
Armor: Animal skin       |    10 |       |       |       |       ||    10
       Plate armour      |     5 |    86 |   103 |       |       ||   194
       Ring mail         |     2 |       |       |       |       ||     2
       Chain mail        |       |       |    12 |   140 |   100 ||   252
Dodge: Dodged            |    30 |    57 |   141 |   426 |   232 ||   886
Block: Other             |       |       |       |     6 |    27 ||    33
       Reflection        |       |       |       |       |     1 ||     1

Table legend:
 A = Non-vault XP
 B = Vault XP
 C = Vault XP percentage of total XP
 D = Non-vault monster count
 E = Vault monster count
 F = Vault count percentage of total count
                 A         B        C        D         E       F
            +---------+---------+-------+---------+---------+-------
      Total |   56824 |   25792 |  31.2 |     394 |     162 |  29.1
            +---------+---------+-------+---------+---------+-------
        D:1 |      24 |       0 |   0.0 |      13 |       0 |   0.0
        D:2 |      91 |       0 |   0.0 |      13 |       0 |   0.0
        D:3 |     295 |      37 |  11.1 |      29 |       1 |   3.3
        D:4 |     501 |       2 |   0.4 |      23 |       1 |   4.2
        D:5 |     467 |       0 |   0.0 |      13 |       0 |   0.0
        D:6 |     929 |    1697 |  64.6 |      34 |      13 |  27.7
        D:7 |     405 |       0 |   0.0 |       9 |       0 |   0.0
        D:8 |     578 |    1525 |  72.5 |      19 |       9 |  32.1
        D:9 |    3517 |     433 |  11.0 |      46 |       8 |  14.8
       D:10 |    5420 |       0 |   0.0 |      26 |       0 |   0.0
       D:11 |    5407 |    4083 |  43.0 |      30 |      29 |  49.2
       D:12 |    7631 |     520 |   6.4 |      43 |       1 |   2.3
       D:13 |    7644 |    4050 |  34.6 |      27 |       3 |  10.0
       D:14 |    3036 |    6663 |  68.7 |      24 |      19 |  44.2
       D:15 |    1334 |     866 |  39.4 |       8 |       1 |  11.1
    Abyss:2 |    7151 |       0 |   0.0 |       7 |       0 |   0.0
    Abyss:3 |   12394 |    3288 |  21.0 |      30 |       3 |   9.1
    Ossuary |       0 |     347 | 100.0 |       0 |      35 | 100.0
     Bailey |       0 |    2281 | 100.0 |       0 |      39 | 100.0
            +---------+---------+-------+---------+---------+-------
